 Dungeon Crawl Stone Soup version 0.30-a0-381-g6ea064c7b4 (webtiles) character file.

Game seed: 761368977570883749

988 lunkers the Carver (level 8, 0/63 HPs)
             Began as a Meteoran Fighter on Dec 1, 2022.
             Was an Initiate of Okawaru.
             Slain by a howler monkey zombie (4 damage)
             ... in an ossuary.
             The game lasted 00:07:37 (1722 turns).

lunkers the Carver (Meteoran Fighter)               Turns: 1722, Time: 00:07:37

Health: 0/63       AC: 11    Str: 20    XL:     8   Next: 69%
Magic:  9/9        EV:  9    Int: 10    God:    Okawaru [......]
Gold:   114        SH:  5    Dex: 13    Spells: 7/7 levels left

rFire   . . .      SeeInvis .    a - +0 long sword
rCold   . . .      Faith    .    c - +0 buckler
rNeg    . . .      Spirit   .    b - +0 scale mail
rPois   .          Reflect  .    (no helmet)
rElec   .          Harm     .    (no cloak)
rCorr   .          Rampage  .    v - +0 pair of gloves
Will    +....                    u - +2 pair of boots
Stlth   ..........               (no amulet)
HPRegen 0.30/turn                (no ring)
MPRegen 0.11/turn                (no ring)

@: glowing
A: sense surroundings 1, otherworldly, glowing, explore regen
a: Renounce Religion


You were in an ossuary.
You worshipped Okawaru.
Okawaru was noncommittal.
You visited 2 branches of the dungeon, and saw 7 of its levels.
You also visited: Ossuary.

You collected 114 gold pieces.

Inventory:

Hand Weapons
 a - a +0 long sword (weapon)
 l - a +1 short sword of holy wrath
Armour
 b - a +0 scale mail (worn)
 c - a +0 buckler (worn)
 r - the +1 leather armour of Valour {rPois MP+9 Slay-3}
   (You found it on level 4 of the Dungeon)

   Slay:      It affects your accuracy & damage with ranged weapons and melee
   (-3).
   rPois:     It protects you from poison.
   MP:        It affects your magic capacity (+9).
 u - a +2 pair of boots (worn)
 v - a +0 pair of gloves (worn)
Scrolls
 e - a scroll of blinking {unknown}
 g - 2 scrolls of teleportation {unknown}
 h - 4 scrolls of silence {unknown}
 j - a scroll of fog {unknown}
 k - 2 scrolls of magic mapping {unknown}
 n - a scroll of enchant weapon {unknown}
 o - a scroll of amnesia {unknown}
 p - a scroll of poison {unknown}
 s - 2 scrolls of identify {unknown}
 t - 3 scrolls of vulnerability {unknown}
Potions
 d - a potion of heal wounds {unknown}
 f - 2 potions of lignification {unknown}
 i - 5 potions of curing
 m - a potion of attraction {unknown}
 q - a potion of invisibility {unknown}
 w - a potion of haste {unknown}
 x - a potion of berserk rage {unknown}
 z - a potion of ambrosia {unknown}


   Skills:
 - Level 3.2 Fighting
 + Level 11.2 Long Blades
 - Level 3.6 Armour
 - Level 3.6 Shields


You had 7 spell levels left.
You didn't know any spells.
Your spell library contained the following spells:

 Spells                   Type           Power      Damage    Failure   Level
 Magic Dart               Conj           0%         1d3       80%         1
 Cigotuvi's Dreadful Rot  Necr/Pois/Air  0%         N/A       91%         2
 Poisonous Vapours        Pois/Air       0%         N/A       91%         2
 Gell's Gravitas          Tloc           0%         N/A       99%         3
 Ignite Poison            Fire/Tmut/Pois 0%         N/A       99%         3
 Lesser Beckoning         Tloc           0%         N/A       99%         3
 Mephitic Cloud           Conj/Pois/Air  0%         N/A       99%         3
 Teleport Other           Tloc           0%         N/A       99%         3
 Eringya's Noxious Bog    Tmut/Pois      0%         N/A       100%        6
 Call Imp                 Summ           Unusable   N/A       N/A         2
 Summon Guardian Golem    Hex/Summ       Unusable   N/A       N/A         3
 Summon Ice Beast         Ice/Summ       Unusable   N/A       N/A         4

Dungeon Overview and Level Annotations

Branches:
Dungeon (6/15) Zot: 2027   Temple (1/1) D:5 Zot: 544 Ossuary (1/1) Zot: 475

Altars:
Dithmenos
Elyvilon
Hepliaklqana
Makhleb
Nemelex Xobeh
Okawaru
Sif Muna
Trog
Vehumet
Wu Jian
Zin


Innate Abilities, Weirdness & Mutations

You passively map a small area around you.
You are easily found by Zot.
You glow in the dark.
You regain HP and MP as you explore.


Message History

You hit the centaur zombie.
The centaur zombie is almost destroyed.
The centaur zombie hits you.
* * * LOW HITPOINT WARNING * * *
The centaur zombie closely misses you.
You hit the centaur zombie.
You destroy the centaur zombie!
Okawaru accepts your kill.
Your Long Blades skill increases to level 11!
You barely miss the water moccasin zombie.
The water moccasin zombie is almost destroyed.
The water moccasin zombie bites you but does no damage.
You hit the water moccasin zombie.
You destroy the water moccasin zombie!
Okawaru accepts your kill.
You barely miss the howler monkey zombie.
The howler monkey zombie hits you.
* * * LOW HITPOINT WARNING * * *
You hit the howler monkey zombie.
The howler monkey zombie is lightly damaged.
You block the howler monkey zombie's attack.
You hit the howler monkey zombie but do no damage.
The howler monkey zombie is lightly damaged.
The howler monkey zombie barely misses you.
You hit the howler monkey zombie.
The howler monkey zombie is moderately damaged.
The howler monkey zombie hits you.
* * * LOW HITPOINT WARNING * * *
You barely miss the howler monkey zombie.
The howler monkey zombie is moderately damaged.
You slash the howler monkey zombie!
The howler monkey zombie is severely damaged.
The howler monkey zombie hits you but does no damage.
You hit the howler monkey zombie but do no damage.
The howler monkey zombie is severely damaged.
You block the howler monkey zombie's attack.
You slash the howler monkey zombie!
The howler monkey zombie is almost destroyed.
The howler monkey zombie hits you.
You die...

,+Z ,, #.#####
'.#..∩#,* ,
*#.#.∩.#* *
+.#...# * , ,
#.##'##~##Z# *
,+.....Z~~.~~
~
**#+#Z#.~.#.~.
#@#.~.~.~P ~
#######≈## *
*# ~ ~ * ~ * *
*


You could see a howler monkey zombie.

Vanquished Creatures
  A water moccasin (D:4)
  An ice beast (D:5)
  A black bear (D:3)
  A phantom (D:4)
  2 water moccasin zombies (Ossuary)
  4 centaur zombies (Ossuary)
  A bullfrog zombie (Ossuary)
  2 hounds
  An orc priest (D:4)
  An iguana (D:5)
  5 mummies (Ossuary)
  Terence (D:2)
  3 howler monkey zombies (Ossuary)
  An adder (D:4)
  A shadow imp (D:5)
  2 ufetubi (D:5)
  2 worms
  A dart slug (D:1)
  8 orcs
  6 ball pythons
  3 bats
  An endoplasm (D:3)
  A giant cockroach (D:2)
  6 goblins
  A hobgoblin (D:3)
  3 jackals (D:1)
  2 quokkas (D:3)
  3 frilled lizards
  10 kobolds
  3 rats
78 creatures vanquished.

Vanquished Creatures (others)
  A withered plant (Ossuary)
1 creature vanquished.

Grand Total: 79 creatures vanquished

Notes
Turn   | Place    | Note
-------+----------+-------------------------------------------
     0 | D:1      | lunkers the Meteoran Fighter began the quest for the Orb.
     0 | D:1      | Reached XP level 1. HP: 19/19 MP: 2/2
    61 | D:1      | Reached skill level 3 in Long Blades
    61 | D:1      | Reached XP level 2. HP: 11/26 MP: 3/3
   255 | D:2      | Reached XP level 3. HP: 30/31 MP: 4/4
   268 | D:2      | Noticed Terence
   273 | D:2      | Killed Terence
   274 | D:2      | Reached skill level 4 in Long Blades
   281 | D:2      | Got the Vademecum on the Called Snake
   283 | D:2      | Reached XP level 4. HP: 34/38 MP: 5/5
   497 | D:3      | Reached skill level 5 in Long Blades
   795 | D:4      | Reached XP level 5. HP: 43/45 MP: 6/6
   830 | D:4      | Reached skill level 6 in Long Blades
   877 | D:4      | Identified the +1 leather armour of Valour {rPois MP+9
                  | Slay-3}
   963 | D:5      | Entered Level 5 of the Dungeon
   963 | D:5      | Noticed a phantom
   989 | D:4      | Killed a phantom
   990 | D:4      | Reached skill level 7 in Long Blades
   990 | D:4      | Reached XP level 6. HP: 18/51 MP: 7/7
  1020 | D:4      | Noticed a black bear
  1048 | D:3      | Killed a black bear
  1049 | D:3      | Reached skill level 8 in Long Blades
  1049 | D:3      | Reached XP level 7. HP: 30/57 MP: 8/8
  1095 | D:4      | Noticed a water moccasin
  1114 | D:4      | Killed a water moccasin
  1220 | D:5      | Found a shadowy altar of Dithmenos.
  1298 | D:5      | Reached skill level 9 in Long Blades
  1330 | D:5      | Found a bloodstained altar of Trog.
  1456 | D:5      | Reached XP level 8. HP: 57/63 MP: 9/9
  1469 | D:5      | Found a staircase to the Ecumenical Temple.
  1478 | Temple   | Entered the Ecumenical Temple
  1526 | Temple   | Became a worshipper of Warmaster Okawaru
  1585 | D:5      | Found a sand-covered staircase.
  1590 | Ossuary  | Entered an ossuary
  1640 | Ossuary  | Reached skill level 10 in Long Blades
  1713 | Ossuary  | Reached skill level 11 in Long Blades
  1715 | Ossuary  | HP: 3/63 [howler monkey zombie (2)]
  1722 | Ossuary  | Slain by a howler monkey zombie

Illustrated notes

Levels and vault maps discovered:
D:1:      lightli_iron_boxes, layout_loops_ring, serial_shops, shop_statue,
          chequers_serial_rivers_small_a
D:2:      layout_basic, uniq_terence
D:3:      layout_loops_cross, slow_altar_2, lemuel_tele_altar, serial_shops,
          shop, uniq_crazy_yiuf_cottage
D:4:      layout_basic, hangedman_decor_diamond_cutter
D:5:      layout_loops_cross, general_overflow_altar, mainiacjoe_overflow_paths,
          minmay_temple_entry_drinking_statues, enter_ossuary_2, st_stairs_12,
          amcnicky_mini_rare_corridor_liquid, serial_park_tiny_pond,
          chequers_serial_rivers_marsh
D:6:      layout_cave_pods, mainiacjoe_overflow_tiny_flanked,
          nicolae_overflow_crystal_walls, old_standard_altar, uniq_duvessa
Temple:   nicolae_temple_cloud_nine
Ossuary:  ossuary_zaba_flooded

Skill      XL: |  1  2  3  4  5  6  7  8 |
---------------+-------------------------+-----
Long Blades    | 3 4 5 7 8 9 11 | 11.2
Fighting       | |  3.2
Armour         | |  3.6
Shields        | |  3.6

Action                   |  1- 3 |  4- 6 |  7- 9 || total
-------------------------+-------+-------+-------++-------
Melee: Long sword        |    51 |   139 |   205 ||   395
  Use: Potion            |     1 |       |     2 ||     3
Armor: Scale mail        |    31 |    80 |   137 ||   248
Dodge: Dodged            |    22 |    57 |    57 ||   136
Block: Buckler           |    19 |    42 |    34 ||    95

Table legend: (Time is in decaauts)
 A = Elapsed time spent in this place.
 B = Non-inter-level travel time spent in this place.
 C = Inter-level travel time spent in this place.
 D = Time resting spent in this place.
 E = Time spent auto-exploring this place.
 F = Levels seen in this place.
 G = Mean time per level.
                   A        B        C        D        E       F      G
               +--------+--------+--------+--------+--------+-----+--------+
         Total |   1751 |   1619 |    132 |      0 |    704 |   8 |  218.9 |
       Dungeon |   1572 |   1440 |    132 |      0 |    669 |   6 |  262.0 |
        Temple |     55 |     55 |      0 |      0 |     34 |   1 |   55.0 |
       Ossuary |    123 |    123 |      0 |      0 |      1 |   1 |  123.0 |
               +--------+--------+--------+--------+--------+-----+--------+

Top non-repeatable levels by time:
     D:4: 409 daAuts
     D:5: 354 daAuts
     D:3: 348 daAuts
     D:1: 262 daAuts
     D:2: 196 daAuts
 Ossuary: 123 daAuts
  Temple: 55 daAuts
     D:6: 1 daAuts
